 Dungeon Crawl Stone Soup version 0.25.1-2-g60ff931df9 (webtiles) character file.

Game seed: 10509624742817296087

18671 DildoBatman the Black Sun (level 12, 0/93 HPs)
             Began as a Formicid Wizard on Aug 15, 2020.
             Was a High Priest of Kikubaaqudgha.
             Incinerated by a smoke demon (7 damage)
             ... with a sticky flame
             ... on level 2 of the Orcish Mines.
             The game lasted 01:05:04 (16393 turns).

DildoBatman the Black Sun (Formicid Wizard)        Turns: 16393, Time: 01:05:05

Health: 0/93       AC:  8    Str: 15    XL:     12   Next: 98%
Magic:  17/28      EV: 15    Int: 23    God:    Kikubaaqudgha [*****.]
Gold:   991        SH:  0    Dex:  9    Spells: 2/21 levels left

rFire    . . .     SeeInvis +   a - +5 spear (venom)
rCold    . . .     Gourm    .   (no shield)
rNeg     . . .     Faith    .   I - +2 robe of Distant Worlds {-Tele rElec MR+++ Str+3}
rPois    .         Spirit   .   (helmet unavailable)
rElec    +         Reflect  .   G - +0 cloak (curse)
rCorr    .         Harm     .   u - +0 pair of gloves
MR       ++++.                  t - +0 pair of boots
Stlth    +.........             (no amulet)
HPRegen  0.25/turn              D - ring of magical power
MPRegen  0.21/turn              P - ring of flight

@: liquid flames, glowing
A: permanent stasis, dig shafts and tunnels, four strong arms, antennae 3
a: Dig, Shaft Self, Receive Corpses, Torment, Renounce Religion, Evoke Flight


You were on level 2 of the Orcish Mines.
You worshipped Kikubaaqudgha.
Kikubaaqudgha was extremely pleased with you.
You were not hungry.

You visited 3 branches of the dungeon, and saw 14 of its levels.

You collected 1006 gold pieces.
You spent 15 gold pieces at shops.

Inventory:

Hand Weapons
 a - a +5 spear of venom (weapon)
 b - a +0 hunting sling
 d - a +5 long sword
 R - a +2 vorpal double sword
Missiles
 c - 130 bolts
 i - 160 stones
 q - 314 arrows
 w - 56 poisoned darts (quivered)
 J - 27 sling bullets
 N - 7 silver javelins
 V - 6 curare-tipped darts
Armour
 t - a +0 pair of boots (worn)
 u - a +0 pair of gloves (worn)
 G - a cursed +0 cloak (worn)
 I - the +2 robe of Distant Worlds (worn) {-Tele rElec MR+++ Str+3}
   (You found it on level 7 of the Dungeon)

   It affects your strength (+3).
   It insulates you from electricity.
   It affects your resistance to hostile enchantments.
   It prevents most forms of teleportation.
 M - a +2 robe of resistance
Magical Staves
 g - an uncursed staff of cold
Jewellery
 D - a ring of magical power (left hand)
 O - an uncursed ring of ice
 P - a ring of flight (right hand)
Wands
 o - a wand of paralysis (5)
 y - a wand of iceblast (22)
 L - a wand of clouds (6)
 S - a wand of polymorph (9)
 U - a wand of flame (19)
Scrolls
 l - 4 scrolls of fog
 x - 5 scrolls of remove curse
 z - 8 scrolls of identify
 C - 2 scrolls of enchant weapon
 E - 2 scrolls of immolation
 F - 5 scrolls of fear {unknown}
 K - a scroll of blinking {unknown}
 Q - a scroll of silence {unknown}
 T - a scroll of enchant armour {unknown}
Potions
 e - a potion of might
 f - 2 potions of degeneration
 h - a potion of ambrosia {unknown}
 j - a potion of cancellation {unknown}
 m - a potion of resistance
 n - 2 potions of magic {unknown}
 r - 6 potions of stabbing {unknown}
 s - a potion of haste {unknown}
 A - 4 potions of invisibility {unknown}
 B - 2 potions of mutation {unknown}
 H - a potion of brilliance {unknown}
Comestibles
 p - 4 chunks of flesh
 v - 12 rations


   Skills:
 - Level 8.2 Fighting
 - Level 8.2 Armour
 - Level 7.1 Dodging
 - Level 2.4 Stealth
 - Level 5.2 Spellcasting
 - Level 5.4 Conjurations
   Level 1.0 Summonings
 * Level 8.9 Necromancy
   Level 0.8 Translocations
 - Level 5.0 Fire Magic
 - Level 5.0 Air Magic
 * Level 8.9 Earth Magic


You had 2 spell levels left.
You knew the following spells:

 Your Spells              Type           Power        Failure   Level  Hunger
a - Conjure Flame         Conj/Fire      ####....     3%          3    ##.....
b - Borgnjor's Vile Clut  Necr/Erth      #####.....   6%          5    #####..
c - Magic Dart            Conj           ####         1%          1    None
d - Vampiric Draining     Necr           #####.....   1%          3    ##.....
e - Mephitic Cloud        Conj/Pois/Air  ###.....     7%          3    ##.....
h - Dispel Undead         Necr           #####...     2%          4    ####...

Your spell library contained the following spells:

 Spells                   Type           Power        Failure   Level  Hunger
 Animate Skeleton         Necr           N/A          1%          1    None
 Pain                     Necr           ####         1%          1    None
 Searing Ray              Conj           ####..       1%          2    None
 Sublimation of Blood     Necr           #####.....   1%          2    None
 Poisonous Vapours        Pois/Air       ###...       4%          2    None
 Summon Small Mammal      Summ           ##..         6%          1    None
 Corona                   Hex            #......      10%         1    None
 Infusion                 Chrm           #...         10%         1    None
 Call Imp                 Summ           ##......     10%         2    None
 Shroud of Golubria       Chrm/Tloc      #.....       12%         2    None
 Ensorcelled Hibernation  Hex/Ice        #.....       14%         2    None
 Slow                     Hex            #.......     14%         2    None
 Song of Slaying          Chrm           #.......     14%         2    None
 Agony                    Necr           #####...     6%          5    #####..
 Dazzling Flash           Conj/Hex       ###...       9%          3    ##.....
 Call Canine Familiar     Summ           ##......     19%         3    ##.....
 Summon Guardian Golem    Hex/Summ       #.......     22%         3    ##.....
 Iskenderun's Mystic Bla  Conj/Tloc      ###.....     26%         4    ####...
 Summon Lightning Spire   Summ/Air       ###.....     26%         4    ####...
 Confusing Touch          Hex            #.......     28%         3    ##.....
 Ozocubu's Armour         Chrm/Ice       #.......     28%         3    ##.....
 Spectral Weapon          Hex/Chrm       #.......     28%         3    ##.....
 Tukima's Dance           Hex            #.......     28%         3    ##.....
 Fulminant Prism          Conj/Hex       ###.......   30%         4    ####...
 Excruciating Wounds      Chrm/Necr      ####......   38%         5    #####..
 Summon Ice Beast         Ice/Summ       #.......     58%         4    ####...
 Simulacrum               Ice/Necr       ####......   92%         6    #######
 Freezing Cloud           Conj/Ice/Air   ###.......   98%         6    #######
 Ring of Flames           Chrm/Fire      ###.......   100%        7    #######
 Blink                    Tloc           Unusable     N/A         2    N/A

Dungeon Overview and Level Annotations

Branches:
Dungeon (11/15)            Temple (1/1) D:6            Lair (0/6) D:11
    Orc (2/2) D:11
    Elf: Orc:2

Altars:
Ashenzari
Cheibriados
Dithmenos
Elyvilon
Fedhas
Gozag
Hepliaklqana
Kikubaaqudgha
Makhleb
Nemelex Xobeh
Okawaru
Qazlal
Ru
Sif Muna
Trog
Uskayaw
Vehumet
Wu Jian
Xom
Yredelemnul
Zin
The Shining One

Shops:
D:5 =   D:9 (   Orc:1 !   Orc:2 :

Portals:
Trove: D:11 (give +5 demon whip)

Annotations:
D:9 1 exclusion


Innate Abilities, Weirdness & Mutations

You cannot be hasted, slowed, berserked, paralysed or teleported.
You can dig through walls and to a lower floor.
Your four strong arms can wield two-handed weapons with a shield.
You have a pair of large antennae on your head. (SInv)


Message History

Aim: a smoke demon (heavily wounded)
Okay, then.
There is a stone staircase leading up here.
The smoke demon gestures at you. The ball of steam misses you.
The smoke demon gestures at you. The sticky flame hits you.
You are covered in liquid flames!
You feel better.
You are covered in liquid flames!
The smoke demon gestures at you. The sticky flame hits you.
You are covered in liquid flames!
You are covered in liquid flames!
You feel better.
You are covered in liquid flames!
You are covered in liquid flames!
You are covered in liquid flames!
You die...
Kikubaaqudgha rasps: "You have failed me!
Welcome... death!"

...# ###
#####.............## ..#
##.###..........#.....#.##
.#
#...##..<....#####.......#
##...##......###........##
#....#.......##.......##
##.##....^3..#........#
#####.#............###
####..........##
#@........##
###<.......####
##.#........#..##
#...............#
##......##......####
##.#...####.......#.##
###........#.##........#
#..........∩..#.......##
##......##............#


You could see a smoke demon.

Vanquished Creatures
  Fannar (D:10)
  A centaur warrior (D:8)
  5 two-headed ogres
  Urug (D:10)
  Sonja (Orc:2)
  Pikel (D:8)
  2 orc knights
  An ugly thing (D:8)
  An orc sorcerer (Orc:2)
  Psyche (D:8)
  A troll (Orc:1)
  2 hippogriffs
  A shadow (D:10)
  18 yaks
  2 wyverns
  A warg (Orc:1)
  Edmund (D:6)
  7 orc warriors
  2 eyes of draining
  3 slaves (D:8)
  3 sky beasts
  A black bear (D:8)
  5 ice beasts
  5 phantoms
  A crocodile (D:8)
  6 ogres
  6 centaurs
  2 big kobolds (D:9)
  Blork the orc (D:4)
  8 bullfrogs
  2 gnoll sergeants
  4 scorpions
  11 killer bees
  9 wights
  2 crimson imps (D:10)
  2 bullfrog zombies
  2 centaur zombies
  A quasit (D:9)
  17 orc priests
  A gnoll shaman (D:5)
  2 centaur skeletons
  2 hounds
  5 jellies
  14 orc wizards
  Jessica (D:2)
  2 iguanas
  9 worker ants
  A killer bee zombie (D:6)
  Robin (D:1)
  13 gnolls
  12 adders
  An ooze (D:5)
  An adder zombie (D:5)
  3 worms
  4 leopard geckos
  57 orcs
  2 ball pythons (D:1)
  5 bats
  6 giant cockroaches
  14 goblins
  8 hobgoblins
  16 jackals
  A quokka (D:2)
  2 frilled lizards
  A jackal zombie (D:5)
  19 kobolds
  A quokka skeleton (D:5)
  8 rats
353 creatures vanquished.

Vanquished Creatures (collateral kills)
  A yak (D:11)
1 creature vanquished.

Vanquished Creatures (others)
  A slave (D:8)
1 creature vanquished.

Grand Total: 355 creatures vanquished

Notes
Turn   | Place    | Note
-------+----------+-------------------------------------------
     0 | D:1      | DildoBatman the Formicid Wizard began the quest for the
                  | Orb.
     0 | D:1      | Reached XP level 1. HP: 13/13 MP: 4/4
    11 | D:1      | Reached skill level 1 in Conjurations
   303 | D:1      | Reached XP level 2. HP: 13/19 MP: 1/6
   868 | D:1      | Reached XP level 3. HP: 21/24 MP: 4/7
   873 | D:1      | Learned a level 3 spell: Conjure Flame
   877 | D:1      | Learned a level 3 spell: Mephitic Cloud
  1456 | D:2      | Noticed Jessica
  1577 | D:2      | Reached XP level 4. HP: 28/30 MP: 3/8
  1688 | D:2      | Noticed Robin
  2436 | D:3      | Reached XP level 5. HP: 28/35 MP: 3/9
  2633 | D:3      | Found a glowing golden altar of the Shining One.
  2909 | D:3      | Found an iron altar of Okawaru.
  3085 | D:3      | Reached XP level 6. HP: 31/41 MP: 1/10
  3361 | D:3      | Reached skill level 5 in Conjurations
  3619 | D:4      | Noticed Blork the orc
  3688 | D:4      | Found a stormy altar of Qazlal.
  3806 | D:4      | Found an ornate altar of the Wu Jian Council.
  4053 | D:4      | Found a hazy altar of Hepliaklqana.
  4075 | D:4      | Reached skill level 1 in Fire Magic
  4262 | D:4      | Found a snail-covered altar of Cheibriados.
  4268 | D:4      | Got a faintly humming leather armour
  4476 | D:4      | Identified the +2 leather armour "Qazibl Viti" {Slay+2}
                  | (You found it on level 4 of the Dungeon)
  4656 | D:5      | Entered Level 5 of the Dungeon
  4741 | D:5      | Reached skill level 1 in Air Magic
  4946 | D:5      | Found a snail-covered altar of Cheibriados.
  5177 | D:5      | Found Rac Hiats's Jewellery Boutique.
  5198 | D:5      | Reached XP level 7. HP: 35/46 MP: 11/11
  5785 | D:6      | Found a basalt altar of Yredelemnul.
  5903 | D:6      | Found a staircase to the Ecumenical Temple.
  5909 | Temple   | Entered the Ecumenical Temple
  6124 | Temple   | Became a worshipper of Kikubaaqudgha
  6565 | D:4      | Reached XP level 8. HP: 52/52 MP: 12/12
  6619 | D:4      | Killed Blork the orc
  6689 | D:2      | Killed Jessica
  6731 | D:1      | Killed Robin
  7252 | D:6      | Reached skill level 5 in Fire Magic
  7266 | D:6      | Noticed Edmund
  7292 | D:6      | Killed Edmund
  7329 | D:6      | Reached * piety under Kikubaaqudgha
  7329 | D:6      | Identified Kikubaaqudgha's Reference Book on Evil
                  | (Kikubaaqudgha gifted it to you on level 6 of the Dungeon)
  7329 | D:6      | Received a gift from Kikubaaqudgha
  7334 | D:6      | Reached skill level 5 in Air Magic
  7390 | D:6      | Reached skill level 1 in Fighting
  7390 | D:6      | Reached skill level 1 in Armour
  7390 | D:6      | Reached XP level 9. HP: 54/59 MP: 13/13
  7709 | D:7      | Found a bloodstained altar of Trog.
  7956 | D:7      | Got a steaming robe
  8453 | D:8      | Identified the +2 robe of Distant Worlds {-Tele rElec MR+++
                  | Str+3} (You found it on level 7 of the Dungeon)
  8631 | D:8      | Noticed a green ugly thing
  8631 | D:8      | Noticed a centaur warrior
  8654 | D:8      | You fall into a shaft and drop 1 floor!
  8686 | D:8      | Killed a centaur warrior
  8718 | D:8      | Noticed a gargoyle
  8775 | D:9      | Found a sacrificial altar of Ru.
  8921 | D:9      | Reached skill level 5 in Fighting
  8921 | D:9      | Reached skill level 5 in Armour
  8921 | D:9      | Reached XP level 10. HP: 53/74 MP: 14/14
  8972 | D:9      | Reached skill level 5 in Dodging
  9271 | D:9      | Reached ** piety under Kikubaaqudgha
  9449 | D:9      | HP: 2/77 [orc priest/divine providence (11)]
  9548 | D:9      | Found Typojeq's Antique Weapon Boutique.
  9638 | D:9      | Noticed a two-headed ogre
  9802 | D:9      | Killed a two-headed ogre
 10145 | D:9      | Noticed a two-headed ogre
 10379 | D:9      | Killed a two-headed ogre
 10379 | D:9      | Reached XP level 11. HP: 47/85 MP: 7/16
 10695 | D:10     | Entered Level 10 of the Dungeon
 10990 | D:10     | HP: 4/86 [shadow (7)]
 11323 | D:10     | Noticed Urug
 11414 | D:9      | Reached *** piety under Kikubaaqudgha
 11414 | D:9      | Identified Kikubaaqudgha's Reference Book on Evil Secrets
                  | (Kikubaaqudgha gifted it to you on level 9 of the Dungeon)
 11414 | D:9      | Received a gift from Kikubaaqudgha
 11577 | D:8      | Noticed Pikel
 11640 | D:8      | Killed Pikel
 11640 | D:8      | Reached skill level 5 in Spellcasting
 11640 | D:8      | Reached skill level 1 in Necromancy
 11972 | D:8      | Killed a green ugly thing
 11989 | D:8      | Noticed Psyche
 12007 | D:8      | Killed Psyche
 12548 | D:7      | Learned a level 5 spell: Borgnjor's Vile Clutch
 12553 | D:7      | Learned a level 4 spell: Dispel Undead
 12557 | D:7      | Learned a level 3 spell: Vampiric Draining
 12608 | D:8      | Found a shadowy altar of Dithmenos.
 13091 | D:10     | Reached skill level 1 in Earth Magic
 13101 | D:10     | Noticed a two-headed ogre
 13146 | D:9      | Killed a two-headed ogre
 13146 | D:9      | Reached skill level 5 in Necromancy
 13448 | D:10     | Noticed a white ugly thing
 13539 | D:9      | HP: 3/86 [white ugly thing (6)]
 13834 | D:10     | Noticed Fannar
 13861 | D:10     | Killed Fannar
 13861 | D:10     | Reached XP level 12. HP: 88/93 MP: 19/19
 14118 | D:10     | Killed Urug
 14404 | D:11     | Reached skill level 5 in Earth Magic
 14527 | D:11     | Noticed a two-headed ogre
 14537 | D:11     | Killed a two-headed ogre
 14569 | D:11     | Reached **** piety under Kikubaaqudgha
 14663 | D:11     | Found a portal to a secret trove of treasure.
 14784 | D:11     | Found a staircase to the Lair.
 14796 | D:11     | Found a staircase to the Orcish Mines.
 15268 | Orc:1    | Entered Level 1 of the Orcish Mines
 15562 | Orc:1    | Found Pathrora's Distillery.
 15562 | Orc:1    | Noticed a two-headed ogre
 15598 | Orc:1    | Killed a two-headed ogre
 15781 | Orc:1    | Bought a potion of degeneration for 15 gold pieces
 16003 | Orc:2    | Entered Level 2 of the Orcish Mines
 16102 | Orc:2    | Reached ***** piety under Kikubaaqudgha
 16105 | Orc:2    | Noticed Sonja
 16109 | Orc:2    | Killed Sonja
 16180 | Orc:2    | Found Wafoa's Book Shop.
 16393 | Orc:2    | Incinerated by a smoke demon

Illustrated notes

Levels and vault maps discovered:
D:1:      dpeg_arrival_rooms_with_view, layout_basic
D:2:      layout_loops_ring, uniq_robin, uniq_jessica
D:3:      layout_basic, nicolae_overflow_hidden_temple, lemuel_round_altar,
          first_ration
D:4:      layout_basic, old_standard_altar, lemuel_coloured_pillars_altar,
          lemuel_doored_altar, grunt_qazlal_clouds, uniq_blork_the_orc
D:5:      layout_loops_ring, serial_shops, shop, basic_altar,
          minmay_misc_feat_tower
D:6:      layout_loops_cross, nicolae_overflow_crystal_walls, temple_statues,
          uniq_edmund
D:7:      layout_basic, bloody_trog, kennysheep_crisscross
D:8:      minmay_blocky_corners, layout_cave_pods, grunt_dithmenos_shadows,
          uniq_pikel, uniq_psyche
D:9:      due_megacathedral, layout_stronghold, nicolae_ru_awakened_eye,
          serial_glass, glass_columns_b, glass_columns_c, serial_shops,
          nicolae_shop_trees
D:10:     layout_loops_ring, uniq_urug, uniq_fannar
D:11:     layout_irregular_city, lair_entry_dummy, orc_0_dummy, enter_trove_3
Temple:   nicolae_temple_figure_eight
Orc:1:    layout_caves, serial_shops, shop
Orc:2:    pf_orc_diabolical, layout_diamond_mine, serial_shops, shop, shop,
          shop, uniq_nessos, uniq_sonja

Skill      XL: |  1  2  3  4  5  6  7  8  9 10 11 12 |
---------------+-------------------------------------+-----
Conjurations   | 1 2 3 4 5 |  5.4
Fire Magic     | 1 3 5 |  5.0
Air Magic      | 1 3 5 |  5.0
Fighting       | 1 5 7 8 |  8.2
Armour         | 1 5 7 8 |  8.2
Dodging        | 2 4 6 7 |  7.1
Spellcasting   | 5 |  5.2
Necromancy     | 5 8 |  8.9
Earth Magic    | 3 8 |  8.9
Stealth        | |  2.4
Summonings     | |  1.0
Translocations | |  0.8

Action                   |  1- 3 |  4- 6 |  7- 9 | 10-12 || total
-------------------------+-------+-------+-------+-------++-------
Melee: Short sword       |    21 |     1 |       |       ||    22
       Dagger            |       |    64 |    86 |       ||   150
       Mace              |       |    14 |       |       ||    14
       Long sword        |       |       |    55 |   136 ||   191
       Spear             |       |       |       |   394 ||   394
 Fire: Hunting sling     |       |    22 |   139 |   123 ||   284
Throw: Stone             |     3 |       |       |       ||     3
       Dart              |       |     9 |       |     5 ||    14
 Cast: Magic Dart        |    79 |   103 |    19 |    72 ||   273
       Conjure Flame     |       |     2 |    25 |    58 ||    85
       Mephitic Cloud    |       |     3 |    27 |    91 ||   121
       Borgnjor's Vile C |       |       |       |    17 ||    17
 Abil: Dig               |     1 |    12 |    17 |    21 ||    51
       Shaft Self        |       |       |     1 |       ||     1
  Use: Potion            |     1 |       |       |     6 ||     7
       Scroll            |       |     5 |     1 |       ||     6
 Stab: Sleeping          |       |     1 |     1 |     1 ||     3
       Confused          |       |       |     6 |    17 ||    23
  Eat: Chunk             |     1 |    10 |    18 |    31 ||    60
       Ration            |       |     1 |       |     3 ||     4
Armor: Robe              |     4 |     3 |     2 |     2 ||    11
       Leather armour    |       |    19 |    19 |    85 ||   123
Dodge: Dodged            |    24 |    61 |    71 |   224 ||   380
       Rpst.: Long sword |       |       |    10 |    18 ||    28
